 Dungeon Crawl Stone Soup version 0.31-a0-185-g9dded2c639 (webtiles) character file.

Game seed: 4417343725745714567

46 qw the Shooter (level 3, -6/20 HPs)
             Began as a Deep Elf Hunter on June 22, 2023.
             Killed from afar by Ijyb (14 damage)
             ... with a puff of flame
             ... on level 3 of the Dungeon.
             The game lasted 00:00:26 (1336 turns).

qw the Shooter (Deep Elf Hunter)                    Turns: 1336, Time: 00:00:26

Health: -6/20      AC: 10    Str: 10    XL:     3   Next: 46%
Magic:  5/5        EV:  9    Int: 13    God:
Gold:   119        SH:  0    Dex: 18    Spells: 2/2 levels left

rFire   . . .        Y - +0 shortbow (drain)
rCold   . . .        (shield currently unavailable)
rNeg    . . .        f - +0 scale mail
rPois   .            d - +1 hat
rElec   .            (no cloak)
rCorr   .            h - +2 pair of gloves
SInv    .            (no boots)
Will    .....        (no amulet)
Stlth   +            (no ring)
HPRegen 0.23/turn    (no ring)
MPRegen 0.09/turn

%: no passive effects
@: no status effects
A: no striking features
a: no special abilities


You were on level 3 of the Dungeon.
You visited 1 branch of the dungeon, and saw 3 of its levels.

You collected 119 gold pieces.


   Skills:
 - Level 1.5 Fighting
 + Level 7.0 Ranged Weapons
 - Level 2.4 Dodging
 - Level 1.2 Stealth


You had 2 spell levels left.
You didn't know any spells.
Your spell library was empty.

Inventory:

Hand Weapons
 Y - a +0 shortbow of draining (weapon)
Armour
 d - a +1 hat (worn)
 f - a +0 scale mail (worn)
 h - a +2 pair of gloves (worn)
Jewellery
 b - a ring of flight
Scrolls
 a - a scroll of identify
Potions
 i - a potion of enlightenment

Dungeon Overview and Level Annotations

Branches:
Dungeon (3/15)

Altars:

Annotations:
D:3 Ijyb


Message History

You start resting.
HP restored.
Done exploring.
(D) Dungeon
Where to? (* - list waypoints, Enter - D:3, ? - help)
What level of the Dungeon? (default 1, ? - help)
You climb downwards.
There is a stone staircase leading up here.
A kobold is nearby!
You shoot an arrow. The arrow hits the kobold.
The kobold is moderately wounded.
The kobold throws a stone.
The stone hits you.
1306 ||| STAIRDANCE You climb upwards.
There is a stone staircase leading down here.
You start resting.
HP restored.
Done exploring.
(D) Dungeon
Where to? (* - list waypoints, Enter - D:3, ? - help)
What level of the Dungeon? (default 1, ? - help)
You climb downwards.
The kobold throws a stone.
The stone hits you but does no damage.
There is a stone staircase leading up, spattered with blood here.
You shoot an arrow. The arrow closely misses the kobold.
You shoot an arrow. The arrow hits the kobold.
You kill the kobold!
b - a ring of flight You open the door.
There is an open door here.
Ijyb the Twisted Goblin comes into view.
She is wielding a +0 club and carrying a wand of flame (21).
Ijyb shouts!
You shoot an arrow. The arrow closely misses Ijyb.
Ijyb zaps a wand.
The puff of flame hits you!
Ouch! That really hurt!
You shoot an arrow. The arrow hits Ijyb.
Ijyb is lightly wounded.
Ijyb zaps a wand.
The puff of flame hits you!
Ouch! That really hurt!
You die...

........##.#.#
.......)##.#.#
.............#
.............#
..........<..#
.........###.#
+#........#
##.#...#######
........'....@#
##.##...#####.#
# #...# #...
##### ..##.#
..# # ..g. ....
#....


You could see Ijyb.

Vanquished Creatures
  A worm (D:2)
  A dart slug (D:2)
  7 ball pythons
  3 bats
  6 endoplasms
  4 hobgoblins
  3 jackals (D:1)
  4 frilled lizards (D:2)
  2 goblins (D:2)
  4 kobolds
  3 rats
38 creatures vanquished.

Notes
Turn   | Place    | Note
-------+----------+-------------------------------------------
     0 | D:1      | qw the Deep Elf Hunter began the quest for the Orb.
     0 | D:1      | Reached XP level 1. HP: 12/12 MP: 3/3
     0 | D:1      | 0 ||| qw: Version: 0.3-a-9-g12657ce
     0 | D:1      | 0 ||| qw: Game counter: 1796
     0 | D:1      | 0 ||| qw: Always use a shield: true
     0 | D:1      | 0 ||| qw: God list: Okawaru
     0 | D:1      | 0 ||| qw: Allow faded altars: false
     0 | D:1      | 0 ||| qw: Do Orc after D:15 true
     0 | D:1      | 0 ||| qw: Do second Lair branch before Depths: true
     0 | D:1      | 0 ||| qw: Lair rune preference: random
     0 | D:1      | 0 ||| qw: Plans: Normal
     0 | D:1      | 0 ||| PLANNING D:1-11
   180 | D:1      | Reached XP level 2. HP: 16/16 MP: 4/4
   183 | D:1      | Reached skill level 6 in Ranged Weapons
   649 | D:1      | 649 ||| UPGRADING to +1 hat.
   654 | D:1      | 654 ||| UPGRADING to +0 scale mail.
   664 | D:1      | 664 ||| DROPPING +0 leather armour.
   665 | D:1      | 665 ||| UPGRADING to +2 pair of gloves.
   670 | D:1      | 670 ||| READING scroll labelled YTUETW MEFAOL.
   671 | D:1      | 671 ||| READING scroll labelled WASAPNUAZU.
   672 | D:1      | 672 ||| READING scroll labelled EQAPSI QIXASI.
   673 | D:1      | 673 ||| DROPPING scroll of butterflies.
   772 | D:2      | 772 ||| FLEEEEING.
   777 | D:2      | Reached XP level 3. HP: 19/20 MP: 5/5
  1243 | D:2      | 1243 ||| READING 2 scrolls of identify.
  1243 | D:2      | 1243 ||| IDENTIFYING fuming clear potion
  1282 | D:3      | Reached skill level 7 in Ranged Weapons
  1283 | D:3      | 1283 ||| STAIRDANCE
  1306 | D:3      | 1306 ||| STAIRDANCE
  1334 | D:3      | Noticed Ijyb
  1336 | D:3      | Killed from afar by Ijyb

Levels and vault maps discovered:
D:1:      dpeg_arrival_rooms_c, layout_loops_ring, dreamdust_wishing_well,
          glass_columns_c, minmay_strange_pillars, nrook_campfire
D:2:      layout_loops_cross
D:3:      layout_basic, evilmike_ruin_ashenzari, uniq_ijyb

Skill      XL: |  1  2  3 |
---------------+----------+-----
Ranged Weapons | 6 7 |  7.0
Fighting       | |  1.5
Dodging        | |  2.4
Stealth        | |  1.2

Action                     || total
---------------------------++-------
   Fire: Shortbow          ||    86
    Use: Scroll            ||     4
 Armour: Leather armour    ||     4
         Scale mail        ||     5
  Dodge: Dodged            ||    26

Table legend:
 A = Non-vault XP
 B = Vault XP
 C = Vault XP percentage of total XP
 D = Non-vault monster count
 E = Vault monster count
 F = Vault count percentage of total count
                 A         B        C        D         E       F
            +---------+---------+-------+---------+---------+-------
      Total |      67 |       0 |   0.0 |      38 |       0 |   0.0
            +---------+---------+-------+---------+---------+-------
        D:1 |      26 |       0 |   0.0 |      16 |       0 |   0.0
        D:2 |      38 |       0 |   0.0 |      20 |       0 |   0.0
        D:3 |       3 |       0 |   0.0 |       2 |       0 |   0.0
            +---------+---------+-------+---------+---------+-------
